 Dungeon Crawl Stone Soup version 0.31-a0-538-gbc85326fa9 (webtiles) character file.

Game seed: 473423667801923883

6452 CraigForest the Grappler (level 10, -8/66 (78) HPs)
             Began as a Yellow Draconian Shapeshifter on Aug 14, 2023.
             Was a Believer of Qazlal.
             Mangled by a wight
             ... wielding a +5 halberd of freezing
              (9 damage)
             ... on level 9 of the Dungeon.
             The game lasted 00:17:39 (8566 turns).

CraigForest the Grappler (DrSh)                     Turns: 8566, Time: 00:17:41

HP:   -8/66 (78)    AC:  7    Str: 21    XL:     10   Next: 67%
MP:   10/10         EV: 14    Int:  9    God:    Qazlal [**....]
Gold: 412           SH:  3    Dex: 12    Spells: 9/9 levels left

rFire   . .          .
                       - Unarmed
rCold   . . .        (no shield)
rNeg    . . .        (body armour unavailable)
rPois   .            (helmet currently unavailable)
rElec   .            (cloak currently unavailable)
rCorr   +            (gloves currently unavailable)
SInv    .            (boots currently unavailable)
Will    .....        (no amulet)
Stlth   +            (no ring)
HPRegen 0.31/turn    (no ring)
MPRegen 0.12/turn

%: no passive effects
@: beast-form, slowed, heavily drained, very slow
A: beast (slay +4), spit acid, AC +7, unfitting armour, cold-blooded, acid
resistance
a: Breathe Acid, Begin Untransformation, Renounce Religion, Upheaval


You were on level 9 of the Dungeon.
You worshipped Qazlal.
Qazlal was pleased with you.
You were a hulking beast.
You visited 2 branches of the dungeon, and saw 10 of its levels.

You collected 412 gold pieces.

Inventory:

Hand Weapons
 q - a +3 short sword of venom
Missiles
 k - 23 poisoned darts
 t - a curare-tipped dart
 D - 3 silver javelins
 E - 9 atropa-tipped darts
 I - 6 javelins
Armour
 d - a +0 pair of boots
 C - a +0 pair of gloves
 H - a +0 kite shield
Jewellery
 r - an amulet of magic regeneration
Talismans
 b - a beast talisman (active)
 c - a flux talisman
 G - a dragon-blood talisman
Wands
 j - a wand of roots (9)
Scrolls
 e - 2 scrolls of fog
 h - a scroll of brand weapon {unknown}
 l - a scroll of amnesia
 p - a scroll of butterflies {unknown}
 s - a scroll of enchant weapon
 v - a scroll of torment {unknown}
 x - a scroll of teleportation
 y - a scroll of fear {unknown}
 F - a scroll of blinking
 J - a scroll of revelation {unknown}
 L - a scroll of identify
Potions
 a - 5 potions of lignification
 f - a potion of magic
 g - 2 potions of brilliance
 i - 2 potions of degeneration
 m - 3 potions of heal wounds
 n - a potion of attraction {unknown}
 o - 4 potions of curing
 u - a potion of mutation {unknown}
 w - a potion of might {unknown}
 z - a potion of enlightenment {unknown}
 A - 2 potions of invisibility
 B - 3 potions of resistance
 K - a potion of cancellation {unknown}


   Skills:
 + Level 4.0 Fighting
 + Level 6.8 Dodging
 + Level 1.2 Shields
 + Level 12.9 Unarmed Combat
 + Level 6.0 Shapeshifting


You had 9 spell levels left.
You didn't know any spells.
Your spell library contained the following spells:

 Spells                   Type           Power      Damage    Failure   Level
 Ensorcelled Hibernation  Hex/Ice        0%         N/A       52%         2
 Anguish                  Hex/Necr       0%         N/A       99%         4


Dungeon Overview and Level Annotations

Branches:
Dungeon (9/15)             Temple (1/1) D:7
   Lair: D:8-11         Orc: D:9-12

Altars:
Ashenzari
Cheibriados
Dithmenos
Elyvilon
Fedhas
Gozag
Hepliaklqana
Kikubaaqudgha
Makhleb
Nemelex Xobeh
Okawaru
Qazlal
Ru
Sif Muna
Trog
Uskayaw
Vehumet
Wu Jian
Xom
Yredelemnul
Zin
The Shining One

Shops:
D:8 =(


Innate Abilities, Weirdness & Mutations

You are a hulking beast.
Your limbs bulge with bestial killing power. (Slay +4)
You can spit globs of acid.
Your golden yellow scales are hard. (AC +7)
You cannot fit into any form of body armour.
You are cold-blooded and may be slowed by cold attacks.
You are resistant to acid. (rCorr)


Message History

The wight hits you with a +1 halberd!
You feel drained.
You closely miss the wight. Your punch misses the wight.
The wight hits you with a +5 short sword of freezing.
You feel drained.
You feel yourself slow down. The wight freezes you.
The wight hits you with a +1 halberd!
You feel drained.
You closely miss the wight. The wight closely misses you.
The wight hits you with a +5 short sword of freezing.
You feel as though you will be slow longer.
The wight freezes you. The wight closely misses you.
You hit the wight.
Your tail-slap misses the wight.
The wight is moderately damaged.
The wight hits you from afar with a +5 halberd of freezing!
You feel drained. The wight freezes you. The wight barely misses you.
The wight hits you with a +1 halberd.
The wight hits you from afar with a +0 spear.
* * * LOW HITPOINT WARNING * * *
You feel drained.
* * * LOW HITPOINT WARNING * * *
You punch the wight!
Your tail-slap misses the wight.
You punch the wight.
You destroy the wight!
Qazlal accepts your kill.
The wight hits you with a +5 short sword of freezing.
* * * LOW HITPOINT WARNING * * *
You feel drained.
* * * LOW HITPOINT WARNING * * *
The wight freezes you.
* * * LOW HITPOINT WARNING * * *
The wight hits you from afar with a +5 halberd of freezing.
* * * LOW HITPOINT WARNING * * *
You feel as though you will be slow longer.
The wight freezes you.
* * * LOW HITPOINT WARNING * * *
The wight misses you.
You hit the wight.
The wight is lightly damaged.
The wight closely misses you. The wight hits you with a +0 scimitar.
* * * LOW HITPOINT WARNING * * *
You feel drained.
The wight hits you from afar with a +5 halberd of freezing!
You die...

# #.# #..# #..# .... #
#.# #..# ..# .. # #.#
#..# ?.# # #.# #..# ..#
# #.# #|.# ..# # #.#
#.[# ..# #
#####.######..# ..##..#
..............###zz....#
................hzz.....
########################


You could see 4 wights.

Vanquished Creatures
  A two-headed ogre (D:9)
  Maggie (D:7)
  Psyche (D:8)
  A troll (D:9)
  Prince Ribbit (D:7)
  11 yaks
  A wraith (D:9)
  Eustachio (D:5)
  An acid dragon (D:9)
  A water moccasin (D:9)
  Duvessa (D:4)
  3 orc warriors
  A sky beast (D:7)
  An ice beast (D:6)
  2 black bears
  An ogre (D:6)
  3 centaurs
  3 kobold brigands
  4 bullfrogs
  3 scorpions
  A wight (D:9)
  Dowan (D:4)
  3 killer bees (D:9)
  3 hounds
  3 jellies
  4 orc priests
  Jessica (D:3)
  2 sleepcaps
  2 iguanas
  5 orc wizards
  16 adders
  4 white imps
  7 dart slugs
  52 orcs
  5 ball pythons
  4 endoplasms
  A giant cockroach (D:3)
  7 goblins
  6 hobgoblins
  6 jackals
  3 quokkas
  4 bats
  3 frilled lizards
  23 kobolds
  4 rats
212 creatures vanquished.

Notes
Turn   | Place    | Note
-------+----------+-------------------------------------------
     0 | D:1      | CraigForest the Draconian Shapeshifter began the quest for
                  | the Orb.
     0 | D:1      | Reached XP level 1. HP: 16/16 MP: 1/1
   227 | D:1      | Reached XP level 2. HP: 13/23 MP: 2/2
   887 | D:2      | Reached XP level 3. HP: 28/28 MP: 3/3
  1569 | D:2      | You fall into a shaft and drop 2 floors!
  1583 | D:4      | Reached skill level 4 in Unarmed Combat
  1583 | D:4      | Reached XP level 4. HP: 30/35 MP: 4/4
  2278 | D:3      | Found a blossoming altar of Fedhas.
  2284 | D:3      | Reached XP level 5. HP: 40/40 MP: 5/5
  2302 | D:3      | Noticed Jessica
  2307 | D:3      | Killed Jessica
  2744 | D:3      | Reached skill level 5 in Unarmed Combat
  3226 | D:4      | Noticed Duvessa
  3226 | D:4      | Noticed Dowan
  3239 | D:4      | Killed Duvessa
  3240 | D:4      | Reached XP level 6. HP: 11/48 MP: 6/6
  3249 | D:4      | Killed Dowan
  3672 | D:5      | Entered Level 5 of the Dungeon
  3677 | D:5      | Noticed Eustachio
  3686 | D:5      | Killed Eustachio
  3687 | D:5      | Reached skill level 6 in Unarmed Combat
  3687 | D:5      | Your scales start taking on a golden yellow colour.
  3687 | D:5      | Reached XP level 7. HP: 40/53 MP: 7/7
  3687 | D:5      | Gained mutation: You are resistant to acid. (rCorr) [Yellow
                  | Draconian growth]
  3990 | D:5      | Reached skill level 7 in Unarmed Combat
  4739 | D:6      | Reached skill level 8 in Unarmed Combat
  4739 | D:6      | Reached XP level 8. HP: 61/61 MP: 8/8
  5505 | D:7      | Reached skill level 9 in Unarmed Combat
  5535 | D:7      | Noticed Prince Ribbit
  5549 | D:7      | Killed Prince Ribbit
  5661 | D:7      | Reached skill level 5 in Shapeshifting
  5924 | D:7      | Found a staircase to the Ecumenical Temple.
  5931 | Temple   | Entered the Ecumenical Temple
  5957 | Temple   | Became a worshipper of Qazlal Stormbringer
  6022 | D:7      | Reached skill level 10 in Unarmed Combat
  6022 | D:7      | Reached XP level 9. HP: 62/68 MP: 9/9
  6161 | D:7      | Noticed Maggie
  6172 | D:7      | Killed Maggie
  6342 | D:8      | Noticed Psyche
  6351 | D:8      | Killed Psyche
  6366 | D:8      | HP: 3/69 [centaur (2)]
  6563 | D:8      | Reached skill level 5 in Dodging
  6567 | D:8      | Reached skill level 11 in Unarmed Combat
  6582 | D:8      | Reached * piety under Qazlal
  6912 | D:8      | Found Nulupn's Jewellery Emporium.
  7044 | D:8      | Reached XP level 10. HP: 33/77 MP: 10/10
  7057 | D:8      | Found Ozex's Weapon Emporium.
  7120 | D:8      | Found a flagged portal.
  7198 | D:8      | Found a glowing golden altar of the Shining One.
  7627 | D:9      | Reached skill level 12 in Unarmed Combat
  7627 | D:9      | Reached ** piety under Qazlal
  7730 | D:9      | Noticed a two-headed ogre
  7737 | D:9      | Killed a two-headed ogre
  8088 | D:9      | Reached skill level 1 in Shields
  8566 | D:9      | HP: 1/68 [wight/+0 scimitar (6)]
  8566 | D:9      | Mangled by a wight

Illustrated notes

Levels and vault maps discovered:
D:1:      dpeg_arrival_arbitrary_c, layout_loops_corners,
          minmay_misc_feat_more_columns, hangedman_feature_mirror
D:2:      layout_basic, serial_bayou_lagoon_a
D:3:      corexii_shack_village, layout_loops_ring, fedhas_altar_1,
          kennysheep_donut, hex_large, uniq_jessica
D:4:      layout_basic, chequers_serial_rivers_micro_a, uniq_duvessa
D:5:      cheibrodos_iron_armory, layout_basic, portal_sewer_entry_e,
          minmay_fractal_squares_gapless_5, uniq_eustachio
D:6:      layout_basic
D:7:      layout_cave_pools, temple_statues, kennysheep_small_circle,
          uniq_prince_ribbit1, uniq_maggie
D:8:      layout_rooms, tso_altar, special_room [special_room_orc],
          serial_shops, nicolae_shop_rolling_square, enter_bailey_1,
          minmay_shop_enchanted_jewellery,
          nicolae_concentric_dashed_squares_wild, uniq_psyche
D:9:      layout_long_grid, hangedman_decor_riveting, st_stairs_6
Temple:   nicolae_temple_bog_church

Skill      XL: |  1  2  3  4  5  6  7  8  9 10 |
---------------+-------------------------------+-----
Dodging        | 2 3 4 5 6 |  6.8
Unarmed Combat | 4 5 6 8 10 11 12 | 12.9
Shapeshifting  | 4 5 6 |  6.0
Fighting       | 2 3 4 |  4.0
Shields        | 1 |  1.2

Action                     |  1- 3 |  4- 6 |  7- 9 | 10-12 || total
---------------------------+-------+-------+-------+-------++-------
  Melee: Unarmed           |    96 |   124 |   328 |   130 ||   678
         Punch             |     4 |     2 |    28 |     6 ||    40
         Tailslap          |     5 |    14 |    37 |    11 ||    67
    Use: Scroll            |       |     1 |    10 |       ||    11
         Potion            |       |       |     2 |       ||     2
   Stab: Sleeping          |       |     1 |     3 |       ||     4
 Armour: Skin              |    27 |    26 |    83 |    42 ||   178
  Dodge: Dodged            |    55 |    79 |   182 |   114 ||   430
  Block: Other             |       |       |     1 |    12 ||    13

Table legend: (Time is in decaauts)
 A = Elapsed time spent in this place.
 B = Non-inter-level travel time spent in this place.
 C = Inter-level travel time spent in this place.
 D = Time resting spent in this place.
 E = Time spent auto-exploring this place.
 F = Levels seen in this place.
 G = Mean time per level.
                   A        B        C        D        E       F      G
               +--------+--------+--------+--------+--------+-----+--------+
         Total |   8485 |   8290 |    195 |    331 |   6584 |  10 |  848.5 |
       Dungeon |   8445 |   8262 |    183 |    331 |   6584 |   9 |  938.3 |
        Temple |     39 |     27 |     12 |      0 |      0 |   1 |   39.0 |
               +--------+--------+--------+--------+--------+-----+--------+

Top non-repeatable levels by time:
     D:8: 1236 daAuts
     D:2: 1195 daAuts
     D:5: 1011 daAuts
     D:9: 951 daAuts
     D:7: 919 daAuts
     D:4: 876 daAuts
     D:1: 848 daAuts
     D:3: 743 daAuts
     D:6: 662 daAuts
  Temple: 39 daAuts
